 Dungeon Crawl Stone Soup version 0.21-a0-525-ga34b322 (webtiles) character file.

18 slep the Chopper (level 2, -2/22 HPs)
             Began as a Demonspawn Gladiator on Dec 8, 2017.
             Slain by a gnoll
             ... wielding a +0 spear
              (5 damage)
             ... on level 2 of the Dungeon.
             The game lasted 00:01:24 (526 turns).

slep the Chopper (Demonspawn Gladiator)              Turns: 526, Time: 00:01:26

Health: -2/22      AC:  3    Str: 14    XL:     2   Next: 51%
Magic:  2/2        EV: 13    Int:  9    God:
Gold:   30         SH:  0    Dex: 14    Spells: 1/1 levels left

rFire    . . .     SeeInvis .   a - +0 war axe
rCold    . . .     Gourm    .   (no shield)
rNeg     . . .     Faith    .   b - +0 leather armour
rPois    .         Spirit   .   (helmet restricted)
rElec    .         Reflect  .   (no cloak)
rCorr    .         Harm     .   (no gloves)
MR       .....                  (no boots)
Stlth    +.........             (no amulet)
HPRegen  0.07/turn              (no ring)
MPRegen  0.08/turn              (no ring)

@: no status effects
A: antennae 1
a: no special abilities


You were on level 2 of the Dungeon.
You were not hungry.

You visited 1 branch of the dungeon, and saw 2 of its levels.

You collected 30 gold pieces.

Inventory:

Hand Weapons
 a - a +0 war axe (weapon)
Missiles
 d - 3 throwing nets (quivered)
Armour
 b - a +0 leather armour (worn)
 c - a +0 helmet
Scrolls
 e - a scroll of noise {unknown}
 g - 2 scrolls of identify {unknown}
 h - a scroll of remove curse {unknown}
Potions
 j - 2 potions of curing {unknown}
Comestibles
 f - a bread ration
 i - 4 fruits


   Skills:
 + Level 2.0 Fighting
 + Level 3.2 Axes
 + Level 1.8 Throwing
 + Level 2.9 Dodging


You had one spell level left.
You didn't know any spells.

Dungeon Overview and Level Annotations

Branches:
Dungeon (2/15)

Altars:


Innate Abilities, Weirdness & Mutations

You have a pair of small antennae on your head.


Message History

You slash the gnoll!
The gnoll is severely wounded.
You barely miss the gnoll. You slash the gnoll! The gnoll hits you.
The gnoll closely misses you. The gnoll barely misses you.
The gnoll closely misses you.
A goblin comes into view. It is wielding a dagger.
You closely miss the gnoll.
The gnoll is severely wounded.
You closely miss the gnoll. x2; The gnoll hits you.
The gnoll misses you. The gnoll closely misses you. The gnoll misses you.
The gnoll completely misses you.
The gnoll hits you with an enchanted whip.
You completely miss the gnoll.
The gnoll is severely wounded.
You hit the adder. You barely miss the goblin. You hit the gnoll.
You barely miss the gnoll. The gnoll hits you with a spear.
* * * LOW HITPOINT WARNING * * *
The goblin closely misses you.
The gnoll hits you from afar with a spear.
You die...

.. ....#. #.#
...... #..
....#
##.####....#
#..........#
###....†.##..
......)...+
........g..#
........g@.#
.......gggS#
........Sr.+
...........#
..........#
..g......#
..[.####.#
.... .#


You could see 4 gnolls, an adder, 2 goblins, a ball python and a rat.

Vanquished Creatures
  2 leopard geckos (D:1)
  A giant cockroach (D:1)
  A goblin (D:1)
  2 hobgoblins (D:1)
  3 kobolds (D:1)
  A quokka (D:2)
  A ball python (D:1)
  2 bats (D:1)
  A rat (D:1)
14 creatures vanquished.

Notes
Turn   | Place    | Note
-------+----------+-------------------------------------------
     0 | D:1      | slep the Demonspawn Gladiator began the quest for the Orb.
     0 | D:1      | Reached XP level 1. HP: 16/16 MP: 1/1
   224 | D:1      | Reached skill level 3 in Axes
   317 | D:1      | Gained mutation: You have a pair of small antennae on your head. [demonic ancestry]
   317 | D:1      | Reached XP level 2. HP: 22/22 MP: 2/2
   526 | D:2      | Slain by a gnoll

Vault maps used:
D:1:      grunt_arrival_crossed_arrows, minmay_misc_feat_roman

Skill      XL: |  1 |
---------------+----+-----
Axes           | 3 |  3.2
Fighting       | |  2.0
Throwing       | |  1.8
Dodging        | |  2.9

Action                   || total
-------------------------++-------
Melee: War axe           ||    37
Armor: Leather armour    ||    17
Dodge: Dodged            ||    46

Table legend:
 A = Spawn XP
 B = Non-spawn XP
 C = Spawn XP percentage of total XP
 D = Spawn monster count
 E = Non-spawn monster count
 F = Spawn count percentage of total count
 G = Total turns spent on level
                    A         B        C        D         E        F      G
               +---------+---------+-------+---------+---------+-------+---------
         Total |       0 |      27 |   0.0 |       0 |      14 |   0.0 |   526
               +---------+---------+-------+---------+---------+-------+---------
           D:1 |       0 |      25 |   0.0 |       0 |      13 |   0.0 |   518
           D:2 |       0 |       2 |   0.0 |       0 |       1 |   0.0 |     8
               +---------+---------+-------+---------+---------+-------+---------
